| TOP OF THE 1ST |
|
Wichita State University Shockers batting - Pitching for Washington State University Cougars : RHP Briruc Fenuku
|
|
Pitching: RHP Briruc Fenuku
|
|
|
Batting: RHB Kyle Gill
|
0-0: Called Strike 0-1: Foul Ball, location: 2F 0-2: Foul Ball, location: 2F 0-2: Ball 1-2: Foul Ball, location: 2F 1-2: Ball 2-2: Foul Ball, location: 2F 2-2: Ball 3-2: Base on Balls
|
|
Batting: RHB Lucio Baratta
|
0-0: Called Strike 0-1: Ball 1-1: Ball 2-1: Swinging Strike 2-2: Ball 3-2: Foul Ball, location: 2F 3-2: Foul Ball, location: 2F 3-2: SINGLE (Flyball, 34D, EV 88.8 MPH) Kyle Gill to second
|
|
Batting: LHB Carlos Flores
|
0-0: Fielders Choice at 2nd, 5-4 (Groundball, 56S, EV 80.6 MPH) Kyle Gill to third
|
|
Batting: RHB Byron Whitehead
|
0-0: Foul Ball, location: 2F 0-1: Ball 1-1: Fly out, F8 (Line Drive, 8RM, EV 101.2 MPH) Runner from 3rd tags up, SCORES, throw by CF
|
|
Batting: LHB Kyle Lee
|
0-0: Called Strike 0-1: Ball 1-1: Foul Ball, location: 2F 1-2: Strikes out swinging
|
| Top of the 1st over - 1 run, 1 hit, 0 errors, 1 left on base; Wichita State University 1 - Washington State University 0 |
| BOTTOM OF THE 1ST |
|
Washington State University Cougars batting - Pitching for Wichita State University Shockers : RHP Elias Aguilar
|
|
Pitching: RHP Elias Aguilar
|
|
|
Batting: LHB David Jackson
|
0-0: Ground out 6-3 (Groundball, 6D, EV 78.1 MPH)
|
|
Batting: RHB Mas Langat
|
0-0: Ball 1-0: Foul Ball, location: 2F 1-1: Ball 2-1: Ball 3-1: Base on Balls
|
|
Batting: LHB Scott Spillers
|
0-0: Foul Ball, location: 2F 0-1: Ball 1-1: Fielders Choice at 2nd, 4-6 (Groundball, 34, EV 89.4 MPH)
|
|
Batting: SHB Juan Delanoval
|
0-0: Called Strike 0-1: 2-RUN HOME RUN (Flyball, 9D, EV 99.4 MPH), Distance : 403 ft
|
|
Batting: LHB Israel Ariza
|
0-0: Ball 1-0: Fly out, F7 (Line Drive, 7S, EV 90.0 MPH)
|
| Bottom of the 1st over - 2 runs, 1 hit, 0 errors, 0 left on base; Wichita State University 1 - Washington State University 2 |
| TOP OF THE 2ND |
|
Wichita State University Shockers batting - Pitching for Washington State University Cougars : RHP Briruc Fenuku
|
|
Batting: RHB Jeff Grant
|
0-0: Fly out, F9 (Flyball, 9S, EV 83.8 MPH)
|
|
Batting: SHB Mike Chafe
|
0-0: Called Strike 0-1: Ball 1-1: Foul Ball, location: 2F 1-2: Fly out, F8 (Flyball, 78M, EV 88.1 MPH)
|
|
Batting: SHB Peter Faggard
|
0-0: Ball 1-0: Swinging Strike 1-1: Foul Ball, location: 2F 1-2: Ball 2-2: Strikes out swinging
|
| Top of the 2nd over - 0 runs, 0 hits, 0 errors, 0 left on base; Wichita State University 1 - Washington State University 2 |
| BOTTOM OF THE 2ND |
|
Washington State University Cougars batting - Pitching for Wichita State University Shockers : RHP Elias Aguilar
|
|
Batting: RHB Ryan Toth
|
0-0: Ball 1-0: Ball 2-0: SOLO HOME RUN (Flyball, 7LD, EV 104.4 MPH), Distance : 369 ft
|
|
Batting: RHB Ron Essink
|
0-0: Ground out 6-3 (Groundball, 6, EV 78.8 MPH)
|
|
Batting: RHB Dave DeLaMater
|
0-0: Ball 1-0: Called Strike 1-1: Swinging Strike 1-2: Ground out 6-3 (Groundball, 6MS, EV 85.0 MPH)
|
|
Batting: RHB Briruc Fenuku
|
0-0: Foul Ball, location: 2F 0-1: Ball 1-1: Called Strike 1-2: Foul Ball, location: 2F 1-2: Ball 2-2: Strikes out swinging
|
| Bottom of the 2nd over - 1 run, 1 hit, 0 errors, 0 left on base; Wichita State University 1 - Washington State University 3 |
| TOP OF THE 3RD |
|
Wichita State University Shockers batting - Pitching for Washington State University Cougars : RHP Briruc Fenuku
|
|
Batting: RHB Jason Adelstein
|
0-0: Called Strike 0-1: Called Strike 0-2: Foul Ball, location: 2F 0-2: Ground out 5-3 (Groundball, 56, EV 98.8 MPH)
|
|
Batting: RHB Kyle Gill
|
0-0: Called Strike 0-1: Fly out, F8 (Line Drive, 8RM, EV 88.1 MPH)
|
|
Batting: RHB Lucio Baratta
|
0-0: Ball 1-0: Called Strike 1-1: Called Strike 1-2: Ball 2-2: DOUBLE (Line Drive, 9LD, EV 103.8 MPH)
|
|
Batting: LHB Carlos Flores
|
0-0: Called Strike 0-1: Foul Ball, location: 2F 0-2: Fly out, F9 (Flyball, 9S, EV 85.6 MPH)
|
| Top of the 3rd over - 0 runs, 1 hit, 0 errors, 1 left on base; Wichita State University 1 - Washington State University 3 |
| BOTTOM OF THE 3RD |
|
Washington State University Cougars batting - Pitching for Wichita State University Shockers : RHP Elias Aguilar
|
|
Batting: LHB David Jackson
|
0-0: Ball 1-0: Ball 2-0: DOUBLE (Line Drive, 8RXD, EV 106.2 MPH)
|
|
Batting: RHB Mas Langat
|
0-0: Ball 1-0: DOUBLE (Flyball, 89D, EV 106.9 MPH) David Jackson scores
|
|
Batting: LHB Scott Spillers
|
0-0: Ball 1-0: Swinging Strike 1-1: Ground out 4-3 (Groundball, 4, EV 80.0 MPH) Mas Langat to third
|
|
Batting: SHB Juan Delanoval
|
0-0: Ball 1-0: Ball 2-0: Ball 3-0: Fly out, F8 (Flyball, 8LD, EV 98.8 MPH) Runner from 3rd tags up, SCORES, throw by CF
|
|
Now in CF: Bryan Palmer
|
|
|
Batting: LHB Israel Ariza
|
0-0: Swinging Strike 0-1: DOUBLE (Flyball, 8LXD, EV 100.6 MPH) - OUT at third base trying to stretch hit.
|
| Bottom of the 3rd over - 2 runs, 3 hits, 0 errors, 0 left on base; Wichita State University 1 - Washington State University 5 |
| TOP OF THE 4TH |
|
Wichita State University Shockers batting - Pitching for Washington State University Cougars : RHP Briruc Fenuku
|
|
Batting: RHB Byron Whitehead
|
0-0: Ball 1-0: Ball 2-0: Foul Ball, location: 2F 2-1: Foul Ball, location: 2F 2-2: Ground out 6-3 (Groundball, 56, EV 83.1 MPH)
|
|
Batting: LHB Kyle Lee
|
0-0: Called Strike 0-1: Ball 1-1: Called Strike 1-2: Strikes out swinging
|
|
Batting: RHB Jeff Grant
|
0-0: Foul Ball, location: 2F 0-1: Called Strike 0-2: Strikes out looking
|
| Top of the 4th over - 0 runs, 0 hits, 0 errors, 0 left on base; Wichita State University 1 - Washington State University 5 |
| BOTTOM OF THE 4TH |
|
Washington State University Cougars batting - Pitching for Wichita State University Shockers : RHP Elias Aguilar
|
|
Batting: RHB Ryan Toth
|
0-0: SINGLE (Line Drive, 4D, EV 96.2 MPH)
|
|
Batting: RHB Ron Essink
|
0-0: Ball 1-0: Grounds into double play, 6-4-3 (Groundball, 6, EV 84.4 MPH)
|
|
Batting: RHB Dave DeLaMater
|
0-0: Ball 1-0: Ball 2-0: Called Strike 2-1: Fly out, F9 (Flyball, 89S, EV 76.9 MPH)
|
| Bottom of the 4th over - 0 runs, 1 hit, 0 errors, 0 left on base; Wichita State University 1 - Washington State University 5 |
| TOP OF THE 5TH |
|
Wichita State University Shockers batting - Pitching for Washington State University Cougars : RHP Briruc Fenuku
|
|
Batting: SHB Mike Chafe
|
0-0: Ball 1-0: Swinging Strike 1-1: Fly out, F7 (Flyball, 7LS, EV 94.4 MPH)
|
|
Batting: SHB Peter Faggard
|
0-0: Ball 1-0: Called Strike 1-1: Fly out, F8 (Line Drive, 8RD, EV 98.8 MPH)
|
|
Batting: RHB Jason Adelstein
|
0-0: Called Strike 0-1: Foul Ball, location: 2F 0-2: Strikes out swinging
|
| Top of the 5th over - 0 runs, 0 hits, 0 errors, 0 left on base; Wichita State University 1 - Washington State University 5 |
| BOTTOM OF THE 5TH |
|
Washington State University Cougars batting - Pitching for Wichita State University Shockers : RHP Elias Aguilar
|
|
Batting: RHB Briruc Fenuku
|
0-0: Ball 1-0: Called Strike 1-1: Swinging Strike 1-2: Ground out 5-3 (Groundball, 5L, EV 106.9 MPH)
|
|
Batting: LHB David Jackson
|
0-0: Foul Ball, location: 2F 0-1: Called Strike 0-2: Ball 1-2: Strikes out swinging
|
|
Batting: RHB Mas Langat
|
0-0: Called Strike 0-1: Ball 1-1: Fly out, F8 (Flyball, 78D, EV 94.4 MPH)
|
| Bottom of the 5th over - 0 runs, 0 hits, 0 errors, 0 left on base; Wichita State University 1 - Washington State University 5 |
| TOP OF THE 6TH |
|
Wichita State University Shockers batting - Pitching for Washington State University Cougars : RHP Briruc Fenuku
|
|
Batting: RHB Bryan Palmer
|
0-0: Called Strike 0-1: Ground out 6-3 (Groundball, 6, EV 104.4 MPH)
|
|
Batting: RHB Lucio Baratta
|
0-0: Ball 1-0: Foul Ball, location: 2F 1-1: Foul Ball, location: 2F 1-2: Foul Ball, location: 2F 1-2: SINGLE (Groundball, 6M, EV 104.4 MPH) (infield hit)
|
|
Batting: LHB Carlos Flores
|
0-0: Called Strike 0-1: Called Strike 0-2: Ball 1-2: Ball 2-2: Foul Ball, location: 2F 2-2: Strikes out swinging
|
|
Pitching: RHP Gerbrand Lubbers
|
|
|
Batting: RHB Byron Whitehead
|
0-0: Ball 1-0: Foul Ball, location: 2F 1-1: Fly out, F3 (Line Drive, 3, EV 68.8 MPH)
|
| Top of the 6th over - 0 runs, 1 hit, 0 errors, 1 left on base; Wichita State University 1 - Washington State University 5 |
| BOTTOM OF THE 6TH |
|
Washington State University Cougars batting - Pitching for Wichita State University Shockers : RHP Elias Aguilar
|
|
Pitching: RHP Ryan Chase
|
|
|
Batting: LHB Scott Spillers
|
0-0: Ball 1-0: Ball 2-0: Foul Ball, location: 2F 2-1: Ball 3-1: Foul Ball, location: 2F 3-2: Foul Ball, location: 2F 3-2: SINGLE (Groundball, 34D, EV 99.4 MPH)
|
|
Batting: SHB Juan Delanoval
|
0-0: Ball 1-0: Ball 2-0: Swinging Strike 2-1: Foul Ball, location: 2F 2-2: Ball 3-2: Strikes out swinging
|
|
Batting: LHB Israel Ariza
|
0-0: Ball 1-0: Foul Ball, location: 2F 1-1: Foul Ball, location: 2F 1-2: Foul Ball, location: 2F 1-2: Fly out, F7 (Flyball, 7LS, EV 78.8 MPH)
|
|
Batting: RHB Ryan Toth
|
0-0: Ball 1-0: Hit by Pitch Scott Spillers to second
|
|
Batting: RHB Ron Essink
|
0-0: Foul Ball, location: 2F 0-1: SINGLE (Line Drive, 6MD, EV 95.0 MPH) Scott Spillers to third Ryan Toth to second Runner from 3rd tries for Home, SAFE, throw by CF to home
|
|
Batting: RHB Dave DeLaMater
|
0-0: Ball 1-0: Foul Ball, location: 2F 1-1: Foul Ball, location: 2F 1-2: Foul Ball, location: 2F 1-2: Foul Ball, location: 2F 1-2: Fielders Choice at 2nd, 6-4 (Groundball, 6, EV 103.8 MPH)
|
| Bottom of the 6th over - 1 run, 2 hits, 0 errors, 2 left on base; Wichita State University 1 - Washington State University 6 |
| TOP OF THE 7TH |
|
Wichita State University Shockers batting - Pitching for Washington State University Cougars : RHP Gerbrand Lubbers
|
|
Batting: LHB Kyle Lee
|
0-0: Ground out U3 (Groundball, 34S, EV 81.9 MPH)
|
|
Batting: RHB Jeff Grant
|
0-0: Ball 1-0: Ball 2-0: Swinging Strike 2-1: Foul Ball, location: 2F 2-2: Foul Ball, location: 2F 2-2: Ball 3-2: Strikes out swinging
|
|
Batting: SHB Mike Chafe
|
0-0: Foul Ball, location: 2F 0-1: Ball 1-1: Ball 2-1: Fly out, F7 (Line Drive, 78D, EV 90.0 MPH)
|
| Top of the 7th over - 0 runs, 0 hits, 0 errors, 0 left on base; Wichita State University 1 - Washington State University 6 |
| BOTTOM OF THE 7TH |
|
Washington State University Cougars batting - Pitching for Wichita State University Shockers : RHP Ryan Chase
|
|
Pitching: LHP Ernesto Ruiz
|
|
|
Batting: RHB Briruc Fenuku
|
0-0: Ball 1-0: Ball 2-0: Called Strike 2-1: Ball 3-1: Base on Balls
|
|
Batting: LHB David Jackson
|
0-0: Swinging Strike 0-1: Ball 1-1: Foul Ball, location: 2F 1-2: Ball 2-2: Strikes out swinging
|
|
Batting: RHB Mas Langat
|
0-0: Ball 1-0: Called Strike 1-1: Foul Ball, location: 2F 1-2: Ball 2-2: Ball 3-2: 2-RUN HOME RUN (Flyball, 89XD, EV 111.2 MPH), Distance : 429 ft
|
|
Pinch Hitting: RHB Wil Gonzales
|
0-0: Fly out, F9 (Flyball, 89D, EV 82.5 MPH)
|
|
Pinch Hitting: LHB Willy Berrios
|
0-0: Ball 1-0: Ground out 6-3 (Groundball, 56, EV 87.5 MPH)
|
| Bottom of the 7th over - 2 runs, 1 hit, 0 errors, 0 left on base; Wichita State University 1 - Washington State University 8 |
| TOP OF THE 8TH |
|
Wichita State University Shockers batting - Pitching for Washington State University Cougars : RHP Gerbrand Lubbers
|
|
Now in CF: Wil Gonzales
|
|
|
Now in RF: Willy Berrios
|
|
|
Batting: SHB Peter Faggard
|
0-0: Called Strike 0-1: Ground out 4-3 (Groundball, 4, EV 97.5 MPH)
|
|
Pinch Hitting: LHB Troy Davies
|
0-0: Fly out, F5 (Line Drive, 56, EV 69.4 MPH)
|
|
Batting: RHB Bryan Palmer
|
0-0: Ball 1-0: Fly out, F7 (Line Drive, 7S, EV 90.6 MPH)
|
| Top of the 8th over - 0 runs, 0 hits, 0 errors, 0 left on base; Wichita State University 1 - Washington State University 8 |
| BOTTOM OF THE 8TH |
|
Washington State University Cougars batting - Pitching for Wichita State University Shockers : LHP Ernesto Ruiz
|
|
Now in LF: Troy Davies
|
|
|
Batting: LHB Israel Ariza
|
0-0: Fly out, F6 (Popup, 6M, EV 80.6 MPH)
|
|
Pinch Hitting: LHB Rex Creswell
|
0-0: Fly out, F8 (Flyball, 8RM, EV 90.6 MPH)
|
|
Batting: RHB Ron Essink
|
0-0: Fly out, F8 (Line Drive, 78D, EV 104.4 MPH)
|
| Bottom of the 8th over - 0 runs, 0 hits, 0 errors, 0 left on base; Wichita State University 1 - Washington State University 8 |
| TOP OF THE 9TH |
|
Wichita State University Shockers batting - Pitching for Washington State University Cougars : RHP Gerbrand Lubbers
|
|
Now at 3B: Rex Creswell
|
|
|
Batting: RHB Lucio Baratta
|
0-0: Called Strike 0-1: SOLO HOME RUN (Flyball, 8LXD, EV 116.2 MPH), Distance : 452 ft
|
|
Batting: LHB Carlos Flores
|
0-0: Ball 1-0: Ball 2-0: Ball 3-0: Base on Balls
|
|
Batting: RHB Byron Whitehead
|
0-0: Called Strike 0-1: Ball 1-1: Foul Ball, location: 2F 1-2: Ball 2-2: DOUBLE (Line Drive, 89XD, EV 108.8 MPH) Carlos Flores to third
|
|
Pitching: RHP Arthur Scholten
|
|
|
Batting: LHB Kyle Lee
|
0-0: Fly out, F8 (Line Drive, 8RD, EV 91.9 MPH) Runner from 3rd tags up, SCORES, no throw by CF
|
|
Batting: RHB Jeff Grant
|
0-0: Called Strike 0-1: Ground out 6-3 (Groundball, 6MS, EV 87.5 MPH) Byron Whitehead to third
|
|
Batting: SHB Mike Chafe
|
0-0: Swinging Strike 0-1: Ball 1-1: Ball 2-1: Fly out, F7 (Flyball, 7, EV 83.8 MPH)
|
| Top of the 9th over - 2 runs, 2 hits, 0 errors, 1 left on base; Wichita State University 3 - Washington State University 8 |
|